 Dungeon Crawl Stone Soup version 0.23-a0-558-g30802b1 (console) character file.

1150 Duffy the Shield-Bearer (level 8, -7/69 HPs)
             Began as a Naga Fighter on Dec 11, 2018.
             Killed by divine providence
             ... invoked by an orc priest
              (15 damage)
             ... on level 5 of the Dungeon.
             The game lasted 00:05:52 (5707 turns).

Duffy the Shield-Bearer (Naga Fighter)              Turns: 5707, Time: 00:05:52

Health: -7/69      AC: 12    Str: 20    XL:     8   Next: 38%
Magic:  8/8        EV:  1    Int:  9    God:
Gold:   218        SH: 15    Dex: 11    Spells: 7/7 levels left

rFire    . . .     SeeInvis +   a - +0 war axe
rCold    . . .     Gourm    .   n - +0 large shield
rNeg     . . .     Faith    .   e - +0 plate armour
rPois    +         Spirit   .   t - +1 helmet
rElec    .         Reflect  .   (no cloak)
rCorr    .         Harm     .   (no gloves)
MR       +....     Clarity  +   (no barding)
Stlth    ..........             (no amulet)
HPRegen  0.21/turn              (no ring)
MPRegen  0.11/turn              (no ring)

@: very slow
A: large, see invisible, clarity, deformed body, poison resistance, slowness 2,
slow metabolism 1, spit poison 1, AC +2
a: Spit Poison


You were on level 5 of the Dungeon.
You were not hungry.

You visited 1 branch of the dungeon, and saw 5 of its levels.

You collected 218 gold pieces.

Inventory:

Hand Weapons
 a - a +0 war axe (weapon)
Armour
 e - a +0 plate armour (worn)
 n - a +0 large shield (worn)
 t - a +1 helmet (worn)
Wands
 l - a wand of disintegration (24)
 s - a wand of polymorph (3)
Scrolls
 b - 3 scrolls of remove curse
 c - a scroll of teleportation
 h - 2 scrolls of blinking
 p - 3 scrolls of fog
Potions
 d - 7 potions of might
 i - 3 potions of curing
Comestibles
 f - 8 rations


   Skills:
 - Level 3.0 Fighting
 + Level 5.5 Axes
 + Level 4.8 Armour
 + Level 5.9 Shields


You had 7 spell levels left.
You didn't know any spells.
Your spell library was empty.

Dungeon Overview and Level Annotations

Branches:
Dungeon (5/15)
 Temple: D:4-7

Altars:
Gozag
Nemelex Xobeh
Trog
Zin


Innate Abilities, Weirdness & Mutations

You cannot wear boots.
Your serpentine skin is tough. (AC +2)
You have supernaturally acute eyesight. (SInv)
Armour fits poorly on your strangely shaped body.
Your system is resistant to poisons. (rPois)
You cover ground very slowly.
You have a slow metabolism.
You can spit poison.
You possess an exceptional clarity of mind.


Message History

You are too injured to fight recklessly!
You are too injured to fight recklessly!
You are too injured to fight recklessly!
You are too injured to fight recklessly!
You are too injured to fight recklessly!
You closely miss the orc priest.
The orc priest is almost dead.
Your shield and plate armour prevent you from hitting the orc wizard.
The orc wizard gestures at you while chanting.
The magic dart hits you!
The orc wizard hits you but does no damage.
The orc priest begins to cast a cantrip, but forgets the words!
The orc priest calls down the wrath of Beogh upon you.
Beogh smites you!
You barely miss the orc priest.
The orc priest is almost dead.
You closely miss the orc wizard. You block the orc wizard's attack.
The orc priest calls down the wrath of Beogh upon you.
Beogh smites you!
You die...

#.......##...##
#.......####.#
################## #.##
#..........### #...
#........#...# #########
#........#.#.###........
#........#.#...#........
#.....o.o#####.#........
######@#.....#..........
#..o.##.##.###########
#.#### .# # .# ##


You could see 2 orc priests and an orc wizard.

Vanquished Creatures
  Grinder (D:3)
  Menkaure (D:5)
  2 ice beasts (D:5)
  2 sky beasts
  A centaur (D:5)
  A bullfrog (D:5)
  A scorpion (D:5)
  A bullfrog zombie (D:5)
  A hound (D:4)
  A jelly (D:5)
  An orc priest (D:3)
  Jessica (D:2)
  Ijyb (D:4)
  An iguana (D:4)
  2 worker ants (D:4)
  2 hound skeletons (D:5)
  Robin (D:2)
  4 adders
  3 oozes (D:2)
  2 adder skeletons
  2 worms
  4 dart slugs
  A leopard gecko (D:1)
  7 orcs
  9 giant cockroaches
  14 goblins
  9 hobgoblins
  4 jackals
  2 quokkas (D:4)
  A ball python (D:2)
  7 bats
  3 frilled lizards
  7 kobolds
  8 rats
108 creatures vanquished.

Notes
Turn   | Place    | Note
-------+----------+-------------------------------------------
     0 | D:1      | Duffy the Naga Fighter began the quest for the Orb.
     0 | D:1      | Reached XP level 1. HP: 21/21 MP: 1/1
   218 | D:1      | Reached XP level 2. HP: 28/28 MP: 2/2
  1104 | D:1      | Reached XP level 3. HP: 34/34 MP: 3/3
  1332 | D:2      | Found a bloodstained altar of Trog.
  1333 | D:2      | Found a glowing silver altar of Zin.
  1424 | D:2      | Noticed Jessica
  1429 | D:2      | Killed Jessica
  1429 | D:2      | Reached XP level 4. HP: 42/42 MP: 4/4
  2058 | D:3      | Noticed Robin
  2065 | D:3      | Reached XP level 5. HP: 40/49 MP: 5/5
  2367 | D:2      | Killed Robin
  2994 | D:3      | Found a sparkling altar of Nemelex Xobeh.
  2995 | D:3      | Found an opulent altar of Gozag.
  3212 | D:4      | Noticed Grinder
  3496 | D:4      | Reached XP level 6. HP: 51/56 MP: 6/6
  3589 | D:4      | Noticed Ijyb
  3598 | D:4      | Killed Ijyb
  3863 | D:3      | Killed Grinder
  3863 | D:3      | Reached skill level 5 in Shields
  3863 | D:3      | Reached XP level 7. HP: 60/62 MP: 7/7
  4435 | D:5      | Entered Level 5 of the Dungeon
  4868 | D:5      | Got a fine wooden ring
  4869 | D:5      | Identified the cursed ring "Johaura" {rPois Str+4 Slay-2
                  | SInv} (You found it on level 5 of the Dungeon)
  5085 | D:5      | Noticed Menkaure
  5101 | D:5      | Gained mutation: You possess an exceptional clarity of
                  | mind. [potion of mutation]
  5104 | D:5      | Killed Menkaure
  5104 | D:5      | Reached skill level 5 in Axes
  5104 | D:5      | Reached XP level 8. HP: 57/69 MP: 8/8
  5573 | D:5      | Got a crude ring mail
  5584 | D:5      | Identified the cursed +0 ring mail of Voiv {*Slow rElec
                  | rPois rC+} (You found it on level 5 of the Dungeon)
  5707 | D:5      | Killed from afar by an orc priest

Vault maps used:
D:1:      wander_arrival_desolate, minmay_pentomino_u4
D:2:      chequers_temple_overflow_statue_of_worship, uniq_jessica
D:3:      grunt_temple_overflow_opulence, st_stairs_10, minivault_23,
          eino_tiny_chamber, uniq_robin
D:4:      first_ration, uniq_grinder, uniq_ijyb
D:5:      minmay_chambers_of_fours, uniq_menkaure

Skill      XL: |  1  2  3  4  5  6  7 |
---------------+----------------------+-----
Shields        | 3 5 |  5.9
Axes           | 3 4 5 |  5.5
Armour         | 3 4 |  4.8
Fighting       | |  3.0

Action                   |  1- 3 |  4- 6 |  7- 9 || total
-------------------------+-------+-------+-------++-------
Melee: War axe           |   120 |   197 |   142 ||   459
 Abil: Spit Poison       |       |     2 |     1 ||     3
Evoke: Wand              |       |     6 |     1 ||     7
  Use: Scroll            |     1 |     9 |     5 ||    15
       Potion            |       |       |     4 ||     4
  Eat: Chunk             |     1 |     6 |     3 ||    10
       Ration            |       |       |     1 ||     1
Armor: Scale mail        |    11 |       |       ||    11
       Plate armour      |    64 |   131 |    98 ||   293
Dodge: Dodged            |    10 |     8 |     7 ||    25
Block: Shield            |    49 |       |       ||    49
       Large shield      |    48 |   195 |   141 ||   384

Table legend:
 A = Non-vault XP
 B = Vault XP
 C = Vault XP percentage of total XP
 D = Non-vault monster count
 E = Vault monster count
 F = Vault count percentage of total count
                 A         B        C        D         E       F
            +---------+---------+-------+---------+---------+-------
      Total |    1081 |     563 |  34.2 |      89 |      19 |  17.6
            +---------+---------+-------+---------+---------+-------
        D:1 |      35 |       4 |  10.3 |      19 |       2 |   9.5
        D:2 |      89 |      60 |  40.3 |      26 |       6 |  18.8
        D:3 |      69 |     291 |  80.8 |      14 |       9 |  39.1
        D:4 |     302 |      36 |  10.7 |      13 |       1 |   7.1
        D:5 |     586 |     172 |  22.7 |      17 |       1 |   5.6
            +---------+---------+-------+---------+---------+-------
